PL
CAPITAL DISTRICT RED KNIGHTS @ ATLANTA SMOKE
06/12/2022
 
TOP OF THE 1ST
Capital District Red Knights batting - Pitching for Atlanta Smoke : RHP Bob Warford
Pitching: RHP Bob Warford
Batting: LHB Leonardo López 0-0: Ball
1-0: Ball
2-0: Called Strike
2-1: Swinging Strike
2-2: Ball
3-2: Foul Ball, location: 2F
3-2: Base on Balls
Batting: SHB Joreăo Canosa 0-0: Ball
1-0: Fly out, F9 (Flyball, 9M)
Batting: RHB Daniel Lallanilla 0-0: Ball
1-0: Ball
2-0: Ball
3-0: Base on Balls
Leonardo López to second
Batting: LHB Theodore Shaw 0-0: Ball
1-0: Foul Ball, location: 2F
1-1: Swinging Strike
1-2: Ball
2-2: Strikes out swinging
Batting: RHB Louis Henderson 0-0: Fielders Choice at 2nd, 6-4 (Groundball, 6)
Top of the 1st over - 0 run(s), 0 hit(s), 0 error(s), 1 left on base; Capital District 0 - Atlanta 0
BOTTOM OF THE 1ST
Atlanta Smoke batting - Pitching for Capital District Red Knights : RHP Sexto Rodríguez
Pitching: RHP Sexto Rodríguez
Batting: LHB Albert Morán 0-0: Ball
1-0: Ball
2-0: Called Strike
2-1: Ball
3-1: Foul Ball, location: 2F
3-2: Foul Ball, location: 2F
3-2: Fly out, F7 (Flyball, 7LD)
Batting: RHB Cale Sutton 0-0: Ball
1-0: Ball
2-0: SINGLE (Groundball, 34S)
Batting: LHB Armando Esparza 0-0: Swinging Strike
0-1: Swinging Strike
0-2: Fly out, F7 (Popup, 78S)
Batting: RHB Bob Campbell 0-0: Called Strike
Cale Sutton is caught stealing 2nd base
Bottom of the 1st over - 0 run(s), 1 hit(s), 0 error(s), 0 left on base; Capital District 0 - Atlanta 0
TOP OF THE 2ND
Capital District Red Knights batting - Pitching for Atlanta Smoke : RHP Bob Warford
Batting: RHB Martin Young 0-0: Foul Ball, location: 2F
0-1: Foul Ball, location: 2F
0-2: Ball
1-2: Strikes out looking
Batting: LHB Stan Lewis 0-0: Ball
1-0: Ball
2-0: Ball
3-0: Base on Balls
Batting: RHB Manny Carbajal 0-0: Called Strike
0-1: Foul Ball, location: 2F
0-2: Strikes out swinging
Batting: RHB Tom Christensen 0-0: Ball
1-0: Called Strike
1-1: Called Strike
1-2: Strikes out looking
Top of the 2nd over - 0 run(s), 0 hit(s), 0 error(s), 1 left on base; Capital District 0 - Atlanta 0
BOTTOM OF THE 2ND
Atlanta Smoke batting - Pitching for Capital District Red Knights : RHP Sexto Rodríguez
Batting: RHB Bob Campbell 0-0: Called Strike
0-1: Swinging Strike
0-2: Ground out 3-1 (Groundball, 34)
Batting: RHB Chris Teague 0-0: Ground out 5-3 (Groundball, 5L)
Batting: RHB Mike Brown 0-0: Foul Ball, location: 2F
0-1: Ball
1-1: Ground out 2-3 (Groundball, 2L)
Bottom of the 2nd over - 0 run(s), 0 hit(s), 0 error(s), 0 left on base; Capital District 0 - Atlanta 0
TOP OF THE 3RD
Capital District Red Knights batting - Pitching for Atlanta Smoke : RHP Bob Warford
Batting: LHB Leonardo López 0-0: Called Strike
0-1: Ball
1-1: Ball
2-1: Fly out, F5 (Popup, 56S)
Batting: SHB Joreăo Canosa 0-0: Called Strike
0-1: Ground out 6-3 (Groundball, 6)
Batting: RHB Daniel Lallanilla 0-0: Ball
1-0: Called Strike
1-1: Ground out 5-3 (Groundball, 5S)
Top of the 3rd over - 0 run(s), 0 hit(s), 0 error(s), 0 left on base; Capital District 0 - Atlanta 0
BOTTOM OF THE 3RD
Atlanta Smoke batting - Pitching for Capital District Red Knights : RHP Sexto Rodríguez
Batting: LHB Michael Smith 0-0: Ball
1-0: Ball
2-0: Fly out, F5 (Popup, 5F)
Batting: RHB Bartolo Morales 0-0: Fly out, F8 (Flyball, 8LM)
Batting: RHB Mike Burns 0-0: Ball
1-0: Called Strike
1-1: SINGLE (Flyball, 7LS)
Batting: LHB Albert Morán 0-0: Fly out, F9 (Line Drive, 89M)
Bottom of the 3rd over - 0 run(s), 1 hit(s), 0 error(s), 1 left on base; Capital District 0 - Atlanta 0
TOP OF THE 4TH
Capital District Red Knights batting - Pitching for Atlanta Smoke : RHP Bob Warford
Batting: LHB Theodore Shaw 0-0: Called Strike
0-1: Ball
1-1: Foul Ball, location: 2F
1-2: SINGLE (Line Drive, 7S)
Batting: RHB Louis Henderson 0-0: Foul Ball, location: 2F
0-1: Ball
1-1: Called Strike
1-2: Ball
2-2: Ball
3-2: Base on Balls
Theodore Shaw to second
Batting: RHB Martin Young 0-0: Called Strike
0-1: Called Strike
0-2: Foul Ball, location: 2F
0-2: Foul Ball, location: 2F
0-2: Foul Ball, location: 2F
0-2: Strikes out looking
Batting: LHB Stan Lewis 0-0: Ball
1-0: Ball
2-0: Called Strike
2-1: Swinging Strike
2-2: Foul Ball, location: 2F
2-2: Ball
3-2: Base on Balls
Theodore Shaw to third
Louis Henderson to second
Batting: RHB Manny Carbajal 0-0: Ball
Wild Pitch!
Theodore Shaw scores
Louis Henderson to third
Stan Lewis to second
1-0: Ball
2-0: Foul Ball, location: 2F
2-1: Ball
3-1: Base on Balls
Batting: RHB Tom Christensen 0-0: Ball
1-0: GRAND SLAM HOME RUN (Flyball, 8LXD), Distance : 451 ft
Batting: LHB Leonardo López 0-0: Ball
1-0: Foul Ball, location: 2F
1-1: Called Strike
1-2: Ground out 1-3 (Groundball, 13)
Batting: SHB Joreăo Canosa 0-0: Called Strike
0-1: Foul Ball, location: 2F
0-2: Foul Ball, location: 2F
0-2: Foul Ball, location: 2F
0-2: Strikes out looking
Top of the 4th over - 5 run(s), 2 hit(s), 0 error(s), 0 left on base; Capital District 5 - Atlanta 0
BOTTOM OF THE 4TH
Atlanta Smoke batting - Pitching for Capital District Red Knights : RHP Sexto Rodríguez
Batting: RHB Cale Sutton 0-0: Called Strike
0-1: Ball
1-1: Foul Ball, location: 2F
1-2: Strikes out swinging
Batting: LHB Armando Esparza 0-0: Foul Ball, location: 2F
0-1: Ball
1-1: Ball
2-1: Ball
3-1: Base on Balls
Batting: RHB Bob Campbell 0-0: Grounds into double play, 1-6-3 (Groundball, 13S)
Bottom of the 4th over - 0 run(s), 0 hit(s), 0 error(s), 0 left on base; Capital District 5 - Atlanta 0
TOP OF THE 5TH
Capital District Red Knights batting - Pitching for Atlanta Smoke : RHP Bob Warford
Batting: RHB Daniel Lallanilla 0-0: Ball
1-0: Ground out 2-3 (Groundball, 2L)
Batting: LHB Theodore Shaw 0-0: Ball
1-0: Ball
2-0: Ball
3-0: Called Strike
3-1: Fly out, F8 (Flyball, 8LD)
Batting: RHB Louis Henderson 0-0: Ball
1-0: Ball
2-0: Called Strike
2-1: Foul Ball, location: 2F
2-2: Ball
3-2: Foul Ball, location: 2F
3-2: Foul Ball, location: 2F
3-2: Base on Balls
Batting: RHB Martin Young 0-0: Foul Ball, location: 2F
0-1: Ground out 4-3 (Groundball, 4)
Top of the 5th over - 0 run(s), 0 hit(s), 0 error(s), 1 left on base; Capital District 5 - Atlanta 0
BOTTOM OF THE 5TH
Atlanta Smoke batting - Pitching for Capital District Red Knights : RHP Sexto Rodríguez
Batting: RHB Chris Teague 0-0: Swinging Strike
0-1: Ball
1-1: Swinging Strike
1-2: Strikes out swinging
Batting: RHB Mike Brown 0-0: Fly out, F8 (Flyball, 8LXD)
Batting: LHB Michael Smith 0-0: Foul Ball, location: 2F
0-1: Ball
1-1: Foul Ball, location: 2F
1-2: Ground out 3-1 (Groundball, 34)
Bottom of the 5th over - 0 run(s), 0 hit(s), 0 error(s), 0 left on base; Capital District 5 - Atlanta 0
TOP OF THE 6TH
Capital District Red Knights batting - Pitching for Atlanta Smoke : RHP Bob Warford
Pitching: RHP Dave Townend
Batting: LHB Stan Lewis 0-0: Foul Ball, location: 2F
0-1: Ball
1-1: Swinging Strike
1-2: Ball
2-2: Foul Ball, location: 2F
2-2: Ball
3-2: Strikes out looking
Batting: RHB Manny Carbajal 0-0: Fly out, F8 (Flyball, 89M)
Batting: RHB Tom Christensen 0-0: SINGLE (Groundball, 56)
Batting: LHB Leonardo López 0-0: Foul Ball, location: 2F
0-1: Ball
1-1: Called Strike
1-2: Foul Ball, location: 2F
1-2: Ball
2-2: Strikes out swinging
Top of the 6th over - 0 run(s), 1 hit(s), 0 error(s), 1 left on base; Capital District 5 - Atlanta 0
BOTTOM OF THE 6TH
Atlanta Smoke batting - Pitching for Capital District Red Knights : RHP Sexto Rodríguez
Batting: RHB Bartolo Morales 0-0: Ball
1-0: Ball
2-0: SOLO HOME RUN (Flyball, 78XD), Distance : 437 ft
Batting: RHB Mike Burns 0-0: Called Strike
0-1: Swinging Strike
0-2: Ball
1-2: Foul Ball, location: 2F
1-2: Strikes out looking
Batting: LHB Albert Morán 0-0: Ball
1-0: Ground out 4-3 (Groundball, 34)
Batting: RHB Cale Sutton 0-0: Fly out, F4 (Popup, 34D)
Bottom of the 6th over - 1 run(s), 1 hit(s), 0 error(s), 0 left on base; Capital District 5 - Atlanta 1
TOP OF THE 7TH
Capital District Red Knights batting - Pitching for Atlanta Smoke : RHP Dave Townend
Batting: SHB Joreăo Canosa 0-0: Ball
1-0: Ground out 4-3 (Groundball, 4M)
Batting: RHB Daniel Lallanilla 0-0: Fly out, F3 (Popup, 3L)
Batting: LHB Theodore Shaw 0-0: Reached on error, E4 (Groundball, 4)
Batting: RHB Louis Henderson 0-0: Ball
1-0: Called Strike
1-1: Ball
2-1: Ball
3-1: DOUBLE (Flyball, 78XD)
Theodore Shaw to third
Runner from 3rd tries for Home, throw and OUT!
Top of the 7th over - 0 run(s), 1 hit(s), 1 error(s), 1 left on base; Capital District 5 - Atlanta 1
BOTTOM OF THE 7TH
Atlanta Smoke batting - Pitching for Capital District Red Knights : RHP Sexto Rodríguez
Batting: LHB Armando Esparza 0-0: Ball
1-0: Called Strike
1-1: Ball
2-1: Foul Ball, location: 2F
2-2: SINGLE (Groundball, 34D)
Batting: RHB Bob Campbell 0-0: Called Strike
0-1: Ball
1-1: Ball
2-1: Ball
3-1: Base on Balls
Armando Esparza to second
Batting: RHB Chris Teague 0-0: SINGLE (Groundball, 5S)
Armando Esparza to third
Bob Campbell to second
Batting: RHB Mike Brown 0-0: Ball
1-0: Called Strike
1-1: Ball
2-1: Called Strike
2-2: Ball
3-2: SINGLE (Line Drive, 6M)
Armando Esparza scores
Bob Campbell to third
Chris Teague to second
Batting: LHB Michael Smith 0-0: Ball
1-0: Ball
Wild Pitch!
Bob Campbell scores
Chris Teague to third
Mike Brown to second
2-0: Ball
3-0: Called Strike
3-1: Foul Ball, location: 2F
3-2: Foul Ball, location: 2F
3-2: Ground out 6-3 (Groundball, 6M)
Chris Teague scores
Mike Brown to third
Batting: RHB Bartolo Morales 0-0: Ball
1-0: Ball
2-0: Fly out, F3 (Popup, 3F)
Batting: RHB Mike Burns 0-0: Ball
1-0: Ball
2-0: Ball
3-0: Base on Balls
Batting: LHB Albert Morán 0-0: Swinging Strike
0-1: Ground out 4-3 (Groundball, 4MS)
Bottom of the 7th over - 3 run(s), 3 hit(s), 0 error(s), 2 left on base; Capital District 5 - Atlanta 4
TOP OF THE 8TH
Capital District Red Knights batting - Pitching for Atlanta Smoke : RHP Dave Townend
Batting: RHB Martin Young 0-0: Foul Ball, location: 2F
0-1: Ball
1-1: Swinging Strike
1-2: Foul Ball, location: 2F
1-2: Ball
2-2: Foul Ball, location: 2F
2-2: Foul Ball, location: 2F
2-2: Foul Ball, location: 2F
2-2: Ground out 5-3 (Groundball, 56)
Batting: LHB Stan Lewis 0-0: Called Strike
0-1: Called Strike
0-2: Strikes out swinging
Batting: RHB Manny Carbajal 0-0: Ball
1-0: Called Strike
1-1: Ball
2-1: Ball
Reached via error on a dropped throw, E3
Batting: RHB Tom Christensen 0-0: Ball
1-0: Ball
2-0: Ball
3-0: Called Strike
3-1: Base on Balls
Manny Carbajal to second
Batting: LHB Leonardo López 0-0: Called Strike
0-1: Ball
1-1: Called Strike
1-2: Ground out 5-3 (Groundball, 56S)
Top of the 8th over - 0 run(s), 0 hit(s), 1 error(s), 2 left on base; Capital District 5 - Atlanta 4
BOTTOM OF THE 8TH
Atlanta Smoke batting - Pitching for Capital District Red Knights : RHP Sexto Rodríguez
Now at C: Barry Dempsey
Batting: RHB Cale Sutton 0-0: Foul Ball, location: 2F
0-1: Swinging Strike
0-2: SINGLE (Line Drive, 4D)
Pitching: RHP Woody Cook
Batting: LHB Armando Esparza 0-0: Foul Ball, location: 2F
0-1: Ball
1-1: Called Strike
1-2: Ball
2-2: Fielders Choice at 2nd, 4-6 (Groundball, 4)
Batting: RHB Bob Campbell 0-0: Called Strike
0-1: Ball
1-1: Foul Ball, location: 2F
1-2: Foul Ball, location: 2F
1-2: DOUBLE (Line Drive, 89D)
Armando Esparza to third
Batting: RHB Chris Teague 0-0: Fly out, F8 (Flyball, 8LD)
Runner from 3rd tags up, SCORES, no throw
Batting: RHB Mike Brown 0-0: Ball
1-0: Foul Ball, location: 2F
1-1: Ball
2-1: Fly out, F8 (Flyball, 8LM)
Bottom of the 8th over - 1 run(s), 2 hit(s), 0 error(s), 1 left on base; Capital District 5 - Atlanta 5
TOP OF THE 9TH
Capital District Red Knights batting - Pitching for Atlanta Smoke : RHP Dave Townend
Pitching: RHP Fred Pitts
Batting: SHB Joreăo Canosa 0-0: Called Strike
0-1: Ball
1-1: Ball
2-1: Called Strike
2-2: Foul Ball, location: 2F
2-2: Foul Ball, location: 2F
2-2: SINGLE (Groundball, 56D)
Batting: RHB Daniel Lallanilla 0-0: Ball
1-0: Swinging Strike
1-1: Foul Ball, location: 2F
1-2: Ball
2-2: Ground out 5-3 (Groundball, 15S)
Joreăo Canosa to second
Batting: LHB Theodore Shaw 0-0: Ball
1-0: Called Strike
1-1: Ball
2-1: Foul Ball, location: 2F
2-2: Foul Ball, location: 2F
2-2: Foul Ball, location: 2F
2-2: Ball
3-2: Fly out, F4 (Popup, 4M)
Batting: RHB Louis Henderson 0-0: Ground out 5-3 (Groundball, 5S)
Top of the 9th over - 0 run(s), 1 hit(s), 0 error(s), 1 left on base; Capital District 5 - Atlanta 5
BOTTOM OF THE 9TH
Atlanta Smoke batting - Pitching for Capital District Red Knights : RHP Woody Cook
Pitching: RHP Myron Snow
Batting: LHB Michael Smith 0-0: Foul Ball, location: 2F
0-1: Ball
1-1: SOLO HOME RUN (Flyball, 8RXD), Distance : 445 ft
This league is powered by Out of the Park Baseball, the baseball management simulation game for PC, Mac and Linux
Friday, April 15th, 2016 - OOTP Baseball 16.9 Build 39